 Dungeon Crawl Stone Soup version 0.19.1-1-g22dce08 (webtiles) character file.

266 Haldmier the Insei (level 6, -5/31 HPs)
             Began as a Vine Stalker Transmuter on Dec 30, 2016.
             Killed by nerve-wracking pain
             ... invoked by Grinder
              (9 damage)
             ... on level 3 of the Dungeon.
             The game lasted 00:11:45 (3505 turns).

Haldmier the Insei (Vine Stalker Transmuter)        Turns: 3505, Time: 00:11:46

Health: -5/31      AC:  3    Str: 12    XL:     6   Next: 20%
Magic:  0/10       EV: 12    Int: 15    God:
Gold:   141        SH:  3    Dex: 15    Spells: 3 memorised, 3 levels left

rFire  . . .     SeeInvis .       - Unarmed
rCold  + . .     Gourm    .     s - +0 leather armour (curse)
rNeg   . . .     Faith    .     (no shield)
rPois  .         Spirit   +     (no helmet)
rElec  .         Reflect  +     (no cloak)
rCorr  .         Harm     .     (no gloves)
MR     .....                    (boots currently unavailable)
Stlth  +.........               l - +3 amulet of reflection
                                z - ring of protection from cold
                                y - ring of flight

@: appendage (expiring)
A: fangs 2, talons 3, regeneration 1, magic shield, antimagic bite, no device
heal 3, rot immunity
a: End Transformation, Evoke Flight


You were on level 3 of the Dungeon.
You were not hungry.
You had grown temporary talons.
You visited 1 branch of the dungeon, and saw 3 of its levels.

You collected 141 gold pieces.

Inventory:

Hand Weapons
 b - a +0 hunting sling
Missiles
 a - 41 arrows
 r - 7 tomahawks (quivered)
 t - 32 sling bullets
Armour
 s - a cursed +0 leather armour (worn)
Jewellery
 l - a +3 amulet of reflection (around neck)
 u - an uncursed amulet of rage
 y - a ring of flight (left hand)
 z - a ring of protection from cold (right hand)
Wands
 w - a wand of flame (38/48)
Scrolls
 f - 2 scrolls of fog {unknown}
 i - a scroll of noise {unknown}
 m - 3 scrolls of identify {unknown}
 n - 2 scrolls of amnesia {unknown}
 v - 3 scrolls of immolation {unknown}
 A - a scroll of enchant weapon {unknown}
Potions
 e - a potion of flight {unknown}
 j - a potion of might {unknown}
 o - 2 potions of curing {unknown}
 x - a potion of agility {unknown}
 D - a potion of heal wounds {unknown}
Books
 c - a book of Changes

   Spells                             Type                      Level
   a - Beastly Appendage              Transmutation                1
   b - Sticks to Snakes               Transmutation                2
   c - Spider Form                    Transmutation/Poison         3
   d - Ice Form                       Ice/Transmutation            4
   e - Blade Hands                    Transmutation                5
 B - a Grand Grimoire

   Spells                             Type                      Level
   a - Monstrous Menagerie            Summoning                    7
   b - Summon Greater Demon           Summoning                    7
   c - Malign Gateway                 Summoning/Translocation      7
   d - Summon Horrible Things         Summoning                    8
Comestibles
 d - 2 bread rations
 g - 3 meat rations
 h - a beef jerky
 k - a royal jelly
 p - 6 fruits
 q - 2 chunks of flesh
 C - a slice of pizza


   Skills:
 + Level 2.3 Fighting
 - Level 1.5 Dodging
 * Level 5.3 Unarmed Combat
 - Level 2.1 Spellcasting
 + Level 3.0 Transmutations
 - Level 2.0 Poison Magic


You had 3 spell levels left.
You knew the following spells:

 Your Spells              Type           Power        Failure   Level  Hunger
a - Beastly Appendage     Tmut           ##....       10%         1    #......
b - Sticks to Snakes      Tmut           ##......     14%         2    ###....
c - Spider Form           Tmut/Pois      #.........   30%         3    ###....


Dungeon Overview and Level Annotations

Branches:
Dungeon (3/15)

Altars:

Annotations:
D:3 Grinder


Innate Abilities, Weirdness & Mutations

You have extremely sharp teeth.
Your natural rate of healing is unusually fast.
When hurt, damage is shared between your health and your magic reserves.
Your bite disrupts and absorbs the magic of your enemies.
Potions and wands cannot restore your health.
You are immune to rotting.
You have claws for feet.


Message History

Confirm with . or Enter, or press ? or * to list all spells.
Your feet morph into talons.
You now have 0/10 mp.
You closely miss Grinder. You bite Grinder.
Grinder's magic leaks into the air.
You drain her magic.
You feel invigorated.
Grinder is severely wounded.
Grinder hits you.
* * * LOW HITPOINT WARNING * * *
You writhe in agony.
* * * LOW HITPOINT WARNING * * *
You take 7 damage, and have 1/31 hp.
MASSIVE DAMAGE!!
You hit Grinder. Your bite misses Grinder.
Grinder is almost dead.
Grinder closely misses you.
Your magical contamination has completely faded away.
There is a stone staircase leading up here.
Your transformation is almost over.
Grinder gestures at you. Pain shoots through your body!
You die...

#........[.......
#..###.#.######## #..#
#.#.# # ###+#..###...#
###### #............#
...... #.....#####..#
...... #.....#.#
#.[#....... #.......#
##>'.......
#...@##.####!#.......
####+#<5.........###+#
#..............#.#
#..........#...# #
#..............#
#..............#
#...............<
#..........#.#....
#.................


You could see Grinder.

Vanquished Creatures
  A scorpion (D:2)
  Jessica (D:2)
  Terence (D:2)
  7 adders
  2 oozes (D:3)
  2 worms
  A dart slug (D:3)
  A leopard gecko (D:3)
  5 orcs (D:3)
  3 ball pythons
  10 bats
  7 giant cockroaches
  6 hobgoblins
  7 jackals
  6 frilled lizards
  8 goblins
  5 kobolds
  13 rats
86 creatures vanquished.

Notes
Turn   | Place    | Note
-------+----------+-------------------------------------------
     0 | D:1      | Haldmier the Vine Stalker Transmuter began the quest for the Orb.
     0 | D:1      | Reached XP level 1. HP: 9/9 MP: 4/4
   132 | D:1      | Reached skill level 1 in Fighting
   169 | D:1      | Reached XP level 2. HP: 13/14 MP: 4/6
   187 | D:1      | Learned a level 2 spell: Sticks to Snakes
  1264 | D:2      | Reached XP level 3. HP: 16/18 MP: 7/7
  1348 | D:2      | Reached skill level 4 in Unarmed Combat
  2015 | D:2      | You fall through a shaft!
  2096 | D:2      | Gained mutation: Your natural rate of healing is unusually fast. [Vine Stalker growth]
  2096 | D:2      | Reached XP level 4. HP: 22/22 MP: 8/8
  2101 | D:2      | Learned a level 3 spell: Spider Form
  2112 | D:2      | Noticed Jessica
  2124 | D:2      | Killed Jessica
  2370 | D:2      | Noticed Terence
  2426 | D:2      | Killed Terence
  2447 | D:2      | Reached XP level 5. HP: 26/26 MP: 2/9
  2798 | D:2      | Reached skill level 1 in Poison Magic
  3015 | D:3      | Found a faded altar of an unknown god.
  3240 | D:3      | Reached skill level 5 in Unarmed Combat
  3261 | D:3      | Reached XP level 6. HP: 17/31 MP: 7/10
  3383 | D:3      | Noticed Grinder
  3394 | D:3      | Paralysed by Grinder for 7 turns
  3411 | D:3      | Paralysed by Grinder for 4 turns
  3499 | D:3      | HP: 1/31 [Grinder (1)]
  3505 | D:3      | Killed from afar by Grinder

Skill      XL: |  1  2  3  4  5  6 |
---------------+-------------------+-----
Fighting       | 1 2 |  2.3
Unarmed Combat | 4 5 |  5.3
Poison Magic   | 1 2 |  2.0
Transmutations | 3 |  3.0
Dodging        | |  1.5
Spellcasting   | |  2.1

Action                   |  1- 3 |  4- 6 || total
-------------------------+-------+-------++-------
Melee: Unarmed           |    95 |   173 ||   268
       Bite              |    21 |    33 ||    54
       Headbutt          |     5 |     5 ||    10
       Kick              |     5 |    12 ||    17
       Punch             |     1 |     1 ||     2
 Cast: Beastly Appendage |    23 |    22 ||    45
       Spider Form       |       |     2 ||     2
 Stab: Sleeping          |     1 |     1 ||     2
  Eat: Chunk             |     4 |     6 ||    10
Armor: Robe              |    13 |       ||    13
       Leather armour    |     5 |    37 ||    42
Dodge: Dodged            |    44 |   108 ||   152
Block: Other             |       |    22 ||    22
